 Dungeon Crawl Stone Soup version 0.31.0-11-ge490571c62 (webtiles) character file.

Game seed: 8248684127832142727

10684 experimilk the Grappler (level 11, -5/117 HPs)
             Began as a Troll Gladiator on Jan 31, 2024.
             Was a Priest of Wu Jian.
             Slain by a two-headed ogre
             ... wielding a +0 giant club
              (21 damage)
             ... on level 10 of the Dungeon.
             The game lasted 00:26:42 (9437 turns).

experimilk the Grappler (Troll Gladiator)           Turns: 9437, Time: 00:26:43

Health: -5/117     AC:  6    Str: 34    XL:     11   Next: 39%
Magic:  10/10      EV: 10    Int:  4    God:    Wu Jian [***...]
Gold:   757        SH:  0    Dex: 11    Spells: 10/10 levels left

rFire   . .          .
                       - Unarmed
rCold   . . .        (no shield)
rNeg    . . .        i - +0 troll leather armour
rPois   .            b - +0 hat
rElec   .            o - +0 cloak
rCorr   .            (gloves unavailable)
SInv    +            (boots unavailable)
Will    .....        D - amulet of faith
Stlth   +            g - ring of see invisible
HPRegen 1.99/turn    K - +6 ring of strength
MPRegen 0.12/turn

%: faith
@: mighty
A: large, unfitting armour, claws 3, regeneration 1, shaggy fur 1, tough skin 1
a: Renounce Religion, Wall Jump, Serpent's Lash


You were on level 10 of the Dungeon.
You worshipped Wu Jian.
Wu Jian was most pleased with you.
You visited 2 branches of the dungeon, and saw 12 of its levels.

You collected 857 gold pieces.
You spent 100 gold pieces at shops.

Inventory:

Missiles
 a - 11 poisoned darts
 c - 2 boomerangs
 z - 10 large rocks
Armour
 b - a +0 hat (worn)
 i - a +0 troll leather armour (worn)
 o - a +0 cloak (worn)
Jewellery
 g - a ring of see invisible (left claw)
 D - an amulet of faith (around neck)
 H - a ring of flight
 K - a +6 ring of strength (right claw)
Wands
 r - a wand of acid (6)
 A - a wand of polymorph (1)
 B - a wand of paralysis (15)
Scrolls
 f - a scroll of fog {unknown}
 h - a scroll of silence
 k - 4 scrolls of noise
 m - a scroll of fear {unknown}
 n - 2 scrolls of blinking {unknown}
 t - a scroll of revelation
 x - a scroll of enchant armour {unknown}
 y - a scroll of vulnerability
 G - a scroll of immolation {unknown}
Potions
 d - a potion of attraction {unknown}
 j - 6 potions of curing
 l - a potion of invisibility {unknown}
 p - 3 potions of resistance
 u - a potion of enlightenment {unknown}
 C - a potion of degeneration {unknown}
 F - a potion of berserk rage {unknown}
 I - 2 potions of brilliance {unknown}
 J - a potion of mutation {unknown}


   Skills:
 - Level 10.0 Fighting
 * Level 9.7 Throwing
 - Level 2.4 Dodging
 - Level 10.0 Unarmed Combat


You had 10 spell levels left.
You didn't know any spells.
Your spell library contained the following spells:

 Spells                   Type           Power      Damage    Failure   Level
 Lesser Beckoning         Tloc           0%         N/A       67%         2
 Call Canine Familiar     Summ           0%         N/A       88%         3
 Gell's Gravitas          Tloc           0%         N/A       88%         3
 Ozocubu's Armour         Ice            0%         N/A       88%         3
 Sigil of Binding         Hex            0%         N/A       88%         3
 Teleport Other           Tloc           0%         N/A       88%         3
 Tukima's Dance           Hex            0%         N/A       88%         3
 Cause Fear               Hex            0%         N/A       99%         4
 Dimensional Bullseye     Hex/Tloc       0%         N/A       99%         4
 Passage of Golubria      Tloc           0%         N/A       99%         4
 Fireball                 Conj/Fire      0%         3d3       100%        5
 Metabolic Englaciation   Hex/Ice        0%         N/A       100%        5
 Yara's Violent Unravell  Hex/Alch       0%         3d3       100%        5
 Sculpt Simulacrum        Ice/Alch       0%         N/A       100%        6
 Haunt                    Necr/Summ      0%         N/A       100%        7
 Borgnjor's Revivificati  Necr           0%         N/A       100%        8
 Death's Door             Necr           0%         N/A       100%        9
 Dragon's Call            Summ           0%         N/A       100%        9


Dungeon Overview and Level Annotations

Branches:
Dungeon (11/15)            Temple (1/1) D:5            Lair (0/5) D:9
    Orc (0/2) D:9

Altars:
Cheibriados
Fedhas
Gozag
Hepliaklqana
Makhleb
Qazlal
Ru
Sif Muna
Trog
Uskayaw
Vehumet
Wu Jian
Xom
Yredelemnul
Zin
The Shining One

Shops:
D:3 (   D:4 (


Innate Abilities, Weirdness & Mutations

You are too large for most types of armour.
You have claws for hands.
Your natural rate of healing is unusually fast.
You are covered in fur. (AC +1)
You have tough skin. (AC +1)


Message History

The centaur warrior shoots an arrow.
The arrow closely misses you.
Found a scroll labelled TEFFIE TOARRESKA.
The centaur warrior shoots an arrow.
The arrow hits you!!
The centaur warrior shoots an arrow.
The arrow hits you!
You start resting.
The centaur warrior shoots an arrow.
The arrow barely misses you.
You feel very mighty all of a sudden.
You lunge at the centaur warrior.
You closely miss the centaur warrior.
The centaur warrior unwields a +0 shortbow.
The centaur warrior barely misses you.
The centaur warrior kicks you but does no damage.
The centaur warrior hits you! The centaur warrior closely misses you.
You barely miss the centaur warrior. The centaur warrior barely misses you.
The centaur warrior kicks you but does no damage.
You eviscerate the centaur warrior!!!
The centaur warrior is almost dead.
The centaur warrior hits you!
The centaur warrior kicks you but does no damage.
You claw the centaur warrior!
You kill the centaur warrior!
The Council accepts your kill.
Throw: throwing net
Press: ? - help, Q - select action, (/) - cycle Shift-Dir - straight line, f - two-headed ogre
Aim: a two-headed ogre, wielding two +0 giant clubs (77% to hit)
You throw a throwing net.
The throwing net barely misses the two-headed ogre.
The two-headed ogre hits you with a +0 giant club! x2
You barely miss the two-headed ogre. You claw the two-headed ogre!
You claw the two-headed ogre.
The two-headed ogre is moderately wounded.
The two-headed ogre hits you with a +0 giant club!!
The two-headed ogre barely misses you.
You mangle the two-headed ogre!!
The two-headed ogre is severely wounded.
You claw the two-headed ogre!
The two-headed ogre is almost dead.
The two-headed ogre hits you with a +0 giant club!!
* * * LOW HITPOINT WARNING * * *
The two-headed ogre hits you with a +0 giant club!!
You die...

#.....# .. #...#####
#...###.##...#
........#'#...###
.........Oc.....#
................# ##
...............###.#####
..............###......#
.......#.......#@......##
....#####......O....?...#
.......#...#############.
...#.#.....####8###8### .
..##.#.....##8...8...8##..
...........##.........####
...........#>........._#..
..........###.........##..
.........####8...8...8##..


You could see a two-headed ogre.

Vanquished Creatures
  A centaur warrior (D:10)
  A two-headed ogre (D:8)
  Maurice (D:7)
  2 cyclopes (D:11)
  A manticore (D:11)
  3 elephants (D:8)
  A troll (D:11)
  A hornet (D:8)
  Grinder (D:4)
  A wraith (D:10)
  10 yaks
  A wyvern (D:7)
  A vampire mosquito (D:10)
  An acid dragon (D:9)
  2 orc warriors (D:9)
  2 sky beasts
  4 ice beasts
  A black bear (D:6)
  2 kobold brigands
  A brain worm (D:5)
  3 bullfrogs
  A gnoll sergeant (D:7)
  A scorpion (D:5)
  3 wights (D:8)
  9 killer bees
  5 howler monkeys
  7 bombardier beetles
  5 orc priests
  2 hounds
  A gnoll bouda (D:6)
  5 jellies
  2 sleepcaps (D:7)
  6 iguanas
  3 orc wizards
  15 gnolls
  7 adders
  3 white imps
  A dart slug (D:4)
  4 ribbon worms
  21 orcs
  7 endoplasms
  6 giant cockroaches
  8 goblins
  6 hobgoblins
  4 jackals
  A quokka (D:2)
  8 ball pythons
  3 bats (D:1)
  A frilled lizard (D:3)
  14 kobolds
  7 rats
  A spectral hobgoblin (D:8)
208 creatures vanquished.

Vanquished Creatures (collateral kills)
  A two-headed ogre (D:11)
  An elephant (D:8)
  2 vampire mosquitoes
4 creatures vanquished.

Vanquished Creatures (others)
  An orc wizard (D:9)
1 creature vanquished.

Grand Total: 213 creatures vanquished

Notes
Turn   | Place    | Note
-------+----------+-------------------------------------------
     0 | D:1      | experimilk the Troll Gladiator began the quest for the Orb.
     0 | D:1      | Reached XP level 1. HP: 19/19 MP: 0/0
   321 | D:1      | Reached XP level 2. HP: 27/27 MP: 1/1
   619 | D:2      | Found a faded altar of an unknown god.
   625 | D:2      | Reached XP level 3. HP: 33/33 MP: 2/2
  1310 | D:3      | Found a glowing golden altar of the Shining One.
  1402 | D:3      | Reached skill level 5 in Unarmed Combat
  1402 | D:3      | Reached XP level 4. HP: 39/41 MP: 3/3
  1466 | D:3      | Found Meymob's Weapon Shoppe.
  1699 | D:4      | Found Itaozag's Weapon Shoppe.
  1704 | D:4      | Bought 5 boomerangs for 100 gold pieces
  1743 | D:4      | Reached XP level 5. HP: 30/48 MP: 4/4
  2532 | D:4      | Noticed Grinder
  2539 | D:4      | Killed Grinder
  2540 | D:4      | Reached XP level 6. HP: 55/55 MP: 5/5
  2759 | D:5      | Entered Level 5 of the Dungeon
  2779 | D:5      | Found a snail-covered altar of Cheibriados.
  2814 | D:5      | Found a bloodstained altar of Trog.
  2891 | D:5      | Reached XP level 7. HP: 62/62 MP: 6/6
  3782 | D:5      | Found a staircase to the Ecumenical Temple.
  3802 | D:5      | Reached XP level 8. HP: 65/70 MP: 7/7
  3824 | Temple   | Entered the Ecumenical Temple
  3853 | Temple   | Became a worshipper of the Wu Jian Council
  4314 | D:6      | Reached skill level 10 in Unarmed Combat
  4650 | D:6      | Reached skill level 5 in Fighting
  4838 | D:6      | Found a burning altar of Makhleb.
  5127 | D:7      | Reached XP level 9. HP: 88/89 MP: 8/8
  5148 | D:7      | Reached * piety under Wu Jian
  5162 | D:7      | Noticed Maurice
  5189 | D:7      | Maurice stole an amulet of faith
  5193 | D:7      | Paralysed by Maurice for 3 turns
  5199 | D:7      | Killed Maurice
  5949 | D:8      | Noticed an elephant
  5962 | D:8      | Killed an elephant
  6051 | D:8      | Noticed an elephant
  6065 | D:8      | Killed an elephant
  6094 | D:8      | Found a glowing silver altar of Zin.
  6135 | D:8      | Noticed an elephant
  6138 | D:8      | Killed an elephant
  6139 | D:8      | Reached XP level 10. HP: 107/107 MP: 9/9
  6210 | D:8      | Noticed an elephant
  6242 | D:8      | Killed an elephant
  6319 | D:8      | Reached ** piety under Wu Jian
  6327 | D:8      | Reached skill level 10 in Fighting
  6835 | D:8      | Found a hazy altar of Hepliaklqana.
  7131 | D:8      | Reached skill level 5 in Throwing
  7447 | D:8      | Noticed a two-headed ogre
  7460 | D:8      | Killed a two-headed ogre
  7625 | D:9      | Found a staircase to the Lair.
  8018 | D:9      | Reached *** piety under Wu Jian
  8284 | D:9      | Noticed a two-headed ogre
  8535 | D:9      | Reached XP level 11. HP: 97/117 MP: 10/10
  8650 | D:9      | Found a staircase to the Orcish Mines.
  8661 | D:9      | You fall into a shaft and drop 2 floors!
  8681 | D:10     | Entered Level 10 of the Dungeon
  8684 | D:10     | Found a hide-covered altar of Uskayaw.
  8732 | D:11     | Noticed a two-headed ogre
  8777 | D:10     | HP: 5/117 [vampire mosquito (1)]
  9067 | D:11     | Killed a two-headed ogre
  9368 | D:10     | Found a shimmering blue altar of Sif Muna.
  9414 | D:10     | Noticed a centaur warrior
  9414 | D:10     | Noticed a two-headed ogre
  9432 | D:10     | Killed a centaur warrior
  9437 | D:10     | Slain by a two-headed ogre

Illustrated notes

Levels and vault maps discovered:
D:1:      dpeg_arrival_shelter, layout_basic, st_stairs_4, minivault_23,
          minmay_hexomino_c4
D:2:      layout_rooms, hellmonk_ecumenical_altar_arch_garden,
          kennysheep_another_room, grunt_decor_junction, roderic_roman_lattice
D:3:      layout_basic, tso_metal_star, serial_shops,
          nicolae_shop_bloodbath_and_beyond, minmay_box_of_dots
D:4:      minmay_recursive_quarters, layout_basic, serial_curves,
          eino_curves_03, eino_curves_02, serial_shops, shop, uniq_grinder
D:5:      layout_loops_cross, slow_altar_1, trog_antimagical,
          minmay_temple_entry_mist
D:6:      layout_loops_ring, makhleb_blood_cavern_becter
D:7:      layout_basic, uniq_maurice
D:8:      wad_woods_stonehenge, layout_loops_corners,
          nicolae_hepliaklqana_monster_ancestors
D:9:      nzn_winding_woodlands_large [nzn_winding_woodlands_5x5_default,
          nzn_winding_woodlands_5x15_pockets, nzn_winding_woodlands_5x5_default,
          nzn_winding_woodlands_center_diamonds,
          nzn_winding_woodlands_15x15_killbox,
          nzn_winding_woodlands_center_triple_pond,
          nzn_winding_woodlands_5x5_checkerboard,
          nzn_winding_woodlands_5x15_jagged, nzn_winding_woodlands_5x5_cross],
          layout_loops_corners, general_overflow_altar, orc_david_3
D:10:     layout_cave_pools, mainiacjoe_overflow_catwalk,
          nicolae_overflow_hidden_temple, minmay_overflow_temple_star_hex,
          minivault_15
D:11:     layout_grid_maze
Temple:   grunt_temple_mini_profane

Skill      XL: |  1  2  3  4  5  6  7  8  9 10 11 |
---------------+----------------------------------+-----
Unarmed Combat | 4 5 7 8 9 10 | 10.0
Fighting       | 6 9 10 | 10.0
Throwing       | 7 9 |  9.7
Dodging        | |  2.4

Action                     |  1- 3 |  4- 6 |  7- 9 | 10-12 || total
---------------------------+-------+-------+-------+-------++-------
  Melee: Unarmed           |    91 |    65 |   178 |   172 ||   506
         Punch             |     2 |     2 |     6 |     7 ||    17
  Throw: Dart              |       |    14 |    40 |    46 ||   100
         Boomerang         |       |     9 |    54 |    24 ||    87
         Large rock        |       |     1 |     7 |    10 ||    18
         Throwing net      |       |       |     2 |     1 ||     3
 Invoke: Serpent's Lash    |       |       |       |     1 ||     1
Ability: Lunge             |       |       |    24 |    21 ||    45
         Whirlwind         |       |       |       |    14 ||    14
  Evoke: Wand              |       |     1 |    13 |     6 ||    20
    Use: Scroll            |     2 |       |     7 |     4 ||    13
         Potion            |       |       |       |     8 ||     8
   Stab: Sleeping          |       |     1 |       |       ||     1
         Paralysed         |       |       |     3 |       ||     3
 Armour: Robe              |    49 |    33 |    88 |   171 ||   341
         Troll leather arm |       |       |       |    13 ||    13
  Dodge: Dodged            |    38 |    18 |    44 |    75 ||   175
